 Dungeon Crawl Stone Soup version 0.18-a0-1800-gdc7a371 (webtiles) character file.

119 epen the Insei (level 4, -1/40 HPs)
             Began as a Draconian Monk on Apr 24, 2016.
             Slain by Grinder (4 damage)
             ... while paralysed by Grinder
             ... on level 3 of the Dungeon.
             The game lasted 00:10:14 (2057 turns).

epen the Insei (Draconian Monk)                     Turns: 2057, Time: 00:10:15

Health: -1/40      AC:  5    Str: 13    XL:     4   Next: 73%
Magic:  4/4        EV:  2    Int: 10    God:
Gold:   157        SH:  0    Dex: 15    Spells: 0 memorised, 3 levels left

rFire  . . .     SeeInvis .       - Unarmed
rCold  . . .     Gourm    .     (armour unavailable)
rNeg   . . .     Faith    .     (no shield)
rPois  .         Spirit   .     (helmet restricted)
rElec  .         Dismiss  .     (no cloak)
rCorr  .         Reflect  .     (no gloves)
SustAt .         Harm     .     (no boots)
MR     .....                    (no amulet)
Stlth  ++........               (no ring)
                                (no ring)

@: paralysed, not resistant to hostile enchantments, unstealthy
A: unfitting armour, cold-blooded, AC +5
a: no special abilities


You were on level 3 of the Dungeon.
You were not hungry.

You visited 1 branch of the dungeon, and saw 3 of its levels.

You collected 157 gold pieces.

Inventory:

Jewellery
 g - a +4 ring of intelligence {unknown}
Scrolls
 c - 2 scrolls of identify {unknown}
 d - a scroll of amnesia {unknown}
 f - a scroll of enchant armour {unknown}
 h - a scroll of remove curse {unknown}
 l - a scroll of teleportation {unknown}
Potions
 e - a potion of flight {unknown}
 i - a potion of magic {unknown}
 j - a potion of haste
Comestibles
 a - 3 bread rations
 b - a slice of pizza
 k - a beef jerky


   Skills:
 + Level 4.2 Fighting
 * Level 3.5 Dodging
 - Level 1.9 Stealth
 * Level 4.8 Unarmed Combat


You had 3 spell levels left.
You didn't know any spells.

Dungeon Overview and Level Annotations

Branches:
Dungeon (3/15)

Altars:

Annotations:
D:3 Grinder


Innate Abilities, Weirdness & Mutations

Your plain brown scales are hard (AC +5).
Your body does not fit into most forms of armour.
You are cold-blooded and may be slowed by cold attacks.


Message History

Grinder blinks!
The giant cockroach bites you but does no damage.
Grinder gestures at you. Pain shoots through your body!
You closely miss the giant cockroach. The giant cockroach barely misses you.
Grinder says, "What is the universe for?"
You hit the giant cockroach.
You kill the giant cockroach!
Grinder gestures at you.
You suddenly lose the ability to move!
Grinder gestures at you. Pain shoots through your body!
* * * LOW HITPOINT WARNING * * *
Grinder completely misses you. Grinder hits you.
* * * LOW HITPOINT WARNING * * *
Grinder barely misses you.
Grinder says, "At least Makhleb appreciates what I'm doing."
Grinder hits you.
You die...

#......................#
####....................
#....................
#############........
####........
####...........
...............
.#####.##........
.......@5........
.......#.........
.#######.......?.
........... ####........
#........ #........
#########


You could see Grinder.

Vanquished Creatures
  Natasha (D:3)
  2 adders (D:2)
  An ooze (D:3)
  2 worms (D:2)
  2 giant geckos (D:2)
  4 ball pythons
  9 bats
  3 giant cockroaches
  5 goblins
  10 hobgoblins
  A quokka (D:1)
  5 giant newts
  9 kobolds
  8 rats
62 creatures vanquished.

Notes
Turn   | Place    | Note
--------------------------------------------------------------
     0 | D:1      | epen the Draconian Monk began the quest for the Orb.
     0 | D:1      | Reached XP level 1. HP: 19/19 MP: 1/1
   205 | D:1      | Reached XP level 2. HP: 18/26 MP: 2/2
   798 | D:1      | Reached XP level 3. HP: 29/33 MP: 3/3
  1385 | D:2      | Reached XP level 4. HP: 39/40 MP: 4/4
  1977 | D:3      | Noticed Natasha
  1982 | D:3      | Killed Natasha
  2038 | D:3      | Noticed Grinder
  2051 | D:3      | Paralysed by Grinder for 7 turns
  2055 | D:3      | HP: 2/40 [Grinder (2)]
  2057 | D:3      | Slain by Grinder

Vault maps used:
D:1:      shiori_arrival_oz
D:2:      first_bread
D:3:      overflow_temple_1_default, uniq_grinder, uniq_natasha

Skill      XL: |  1  2  3 |
---------------+----------+-----
Dodging        | 3 |  3.5
Fighting       | 4 |  4.2
Stealth        | |  1.9
Unarmed Combat | |  4.8

Action                   |  1- 3 |  4- 6 || total
-------------------------+-------+-------++-------
Melee: Unarmed           |   150 |    58 ||   208
       Tailslap          |    17 |     7 ||    24
       Punch             |     3 |     3 ||     6
 Stab: Sleeping          |     6 |     1 ||     7
  Eat: Chunk             |     1 |     3 ||     4
Armor: Skin              |    53 |    17 ||    70
Dodge: Dodged            |   123 |    39 ||   162
